 Dungeon Crawl Stone Soup version 0.24.0-123-gd5b16e6ec5 (webtiles) character file.

Game seed: 17024016283373949923, levelgen mode: deterministic

569 noriko the Bolt Thrower (level 7, 0/55 HPs)
             Began as a Formicid Hunter on Feb 1, 2020.
             Slain by Eustachio
             ... wielding a +0 mace
              (3 damage)
             ... on level 4 of the Dungeon.
             The game lasted 00:10:27 (4889 turns).

noriko the Bolt Thrower (Formicid Hunter)           Turns: 4889, Time: 00:10:28

Health: 0/55       AC:  7    Str: 24    XL:     7   Next: 60%
Magic:  7/7        EV: 16    Int: 10    God:
Gold:   185        SH:  0    Dex: 16    Spells: 6/6 levels left

rFire    . . .     SeeInvis +   b - +4 whip (elec)
rCold    . . .     Gourm    .   (no shield)
rNeg     . . .     Faith    .   r - +0 ring mail
rPois    .         Spirit   .   (helmet unavailable)
rElec    .         Reflect  .   z - +0 cloak
rCorr    .         Harm     .   (no gloves)
MR       .....                  (no boots)
Stlth    ++........             (no amulet)
HPRegen  0.18/turn              (no ring)
MPRegen  0.10/turn              (no ring)

@: mighty, agile
A: permanent stasis, dig shafts and tunnels, four strong arms, antennae 3
a: Dig, Shaft Self


You were on level 4 of the Dungeon.
You were not hungry.

You visited 1 branch of the dungeon, and saw 4 of its levels.

You collected 185 gold pieces.

Inventory:

Hand Weapons
 a - a +1 hand crossbow
 b - a +4 whip of electrocution (weapon)
 s - a +0 short sword
Missiles
 d - 74 bolts
 h - 6 atropa-tipped darts (quivered)
 C - 2 boomerangs
Armour
 c - a +0 leather armour
 r - a +0 ring mail (worn)
 z - a +0 cloak (worn)
Jewellery
 k - an uncursed amulet of magic regeneration {unknown}
 D - a cursed amulet of inaccuracy {unknown}
Wands
 t - a wand of acid (7)
Scrolls
 e - 7 scrolls of remove curse
 l - a scroll of enchant weapon {unknown}
 n - a scroll of immolation {unknown}
 o - 6 scrolls of identify {unknown}
 q - 2 scrolls of fog {unknown}
 u - a scroll of teleportation {unknown}
 y - 2 scrolls of amnesia {unknown}
Potions
 g - a potion of lignification {unknown}
 i - a potion of curing
 j - a potion of might
 m - a potion of agility
 p - a potion of cancellation {unknown}
 v - a potion of heal wounds {unknown}
 w - a potion of flight {unknown}
 x - a potion of degeneration {unknown}
 A - a potion of brilliance {unknown}
Comestibles
 f - 7 rations
 B - a chunk of flesh


   Skills:
 * Level 4.3 Fighting
 + Level 2.5 Maces & Flails
 * Level 5.7 Crossbows
 * Level 4.7 Armour
 - Level 1.7 Dodging
 - Level 1.2 Stealth


You had 6 spell levels left.
You didn't know any spells.
Your spell library contained the following spells:

 Spells                   Type           Power        Failure   Level  Hunger
 Magic Dart               Conj           #...         50%         1    ##.....
 Call Imp                 Summ           #.......     65%         2    ###....
 Slow                     Hex            #.......     65%         2    ###....
 Conjure Flame            Conj/Fire      #.......     86%         3    ####...
 Mephitic Cloud           Conj/Pois/Air  #.......     86%         3    ####...
 Blink                    Tloc           Unusable     N/A         2    N/A

Dungeon Overview and Level Annotations

Branches:
Dungeon (4/15)
 Temple: D:4-7

Altars:

Annotations:
D:1 exclusion: downstairs
D:4 Eustachio


Innate Abilities, Weirdness & Mutations

You cannot be hasted, slowed, berserked, paralysed or teleported.
You can dig through walls and to a lower floor.
Your four strong arms can wield two-handed weapons with a shield.
You have a pair of large antennae on your head. (SInv)


Message History

The puff of frost hits you.
* * * LOW HITPOINT WARNING * * *
It was a potion of agility.
You feel agile all of a sudden. The river rat misses you.
The white imp gestures at you. The puff of frost hits you!
* * * LOW HITPOINT WARNING * * *
Eustachio gestures wildly while chanting.
Unknown command.
Okay, then.
Okay, then.
Evoke which item? (* to show all) (? for menu, Esc to quit)
Aiming: Corrosive Bolt
Press: ? - help, Shift-Dir - straight line, f/p - Eustachio
Aim: Eustachio, wielding a +0 mace and wearing a +2 leather armour of magic resistance (lightly wounded)
The bolt of acid misses Eustachio.
The bat hits you but does no damage. The river rat barely misses you.
The white imp barely misses you. The quokka closely misses you.
Eustachio hits you with a +0 mace.
You die...

#########
###.@@5.).###
#...(.r.r.....#
##.....b...#..#
#..(b..####.##
#..(#### #..# ########
#### ##.##
.......######### #..#
...............####.##
..#.................#


You could see Eustachio, a river rat, a white imp, a quokka and 2 bats.

Vanquished Creatures
  Grinder (D:4)
  A necrophage (D:3)
  3 hounds (D:4)
  Jessica (D:2)
  Robin (D:2)
  5 adders
  An ooze (D:3)
  2 worms (D:3)
  3 dart slugs
  A leopard gecko (D:3)
  3 orcs (D:3)
  7 bats
  2 giant cockroaches (D:2)
  17 goblins
  12 hobgoblins
  13 jackals
  4 ball pythons
  5 frilled lizards
  9 kobolds
  7 rats
98 creatures vanquished.

Notes
Turn   | Place    | Note
-------+----------+-------------------------------------------
     0 | D:1      | noriko the Formicid Hunter began the quest for the Orb.
     0 | D:1      | Reached XP level 1. HP: 16/16 MP: 1/1
   363 | D:1      | Reached XP level 2. HP: 3/22 MP: 2/2
  1248 | D:1      | Reached skill level 1 in Armour
  1248 | D:1      | Reached XP level 3. HP: 25/28 MP: 3/3
  1992 | D:2      | Reached XP level 4. HP: 34/34 MP: 4/4
  2137 | D:2      | Noticed Robin
  2137 | D:2      | Noticed Jessica
  2606 | D:2      | Killed Jessica
  2606 | D:2      | Reached XP level 5. HP: 37/41 MP: 5/5
  2974 | D:2      | Killed Robin
  3375 | D:3      | Reached skill level 5 in Crossbows
  3426 | D:3      | Noticed a necrophage
  3430 | D:3      | Killed a necrophage
  3430 | D:3      | Reached XP level 6. HP: 47/47 MP: 6/6
  4133 | D:3      | Found a faded altar of an unknown god.
  4572 | D:4      | Reached skill level 1 in Maces & Flails
  4681 | D:4      | Reached XP level 7. HP: 54/54 MP: 7/7
  4712 | D:4      | Noticed Grinder
  4737 | D:4      | Killed Grinder
  4871 | D:4      | Noticed Eustachio
  4888 | D:4      | HP: 2/55 [white imp/puff of frost[Eustachio] (9)]
  4889 | D:4      | Slain by Eustachio

Levels and vault maps discovered:
D:1:      wander_arrival_lonely_grave, layout_loops_ring, grunt_decor_arrowhead
D:2:      layout_rooms, uniq_robin, uniq_jessica
D:3:      layout_loops_cross, first_ration, chequers_ecumenical_altar_grove
D:4:      layout_cave_pods, lemuel_round_altar, minmay_temple_entry_poolview,
          kennysheep_orc_chapel, uniq_grinder, uniq_eustachio

Skill      XL: |  1  2  3  4  5  6  7 |
---------------+----------------------+-----
Armour         | 1 2 3 4 |  4.7
Fighting       | 3 4 |  4.3
Crossbows      | 5 |  5.7
Maces & Flails | 1 2 |  2.5
Dodging        | |  1.7
Stealth        | |  1.2

Action                   |  1- 3 |  4- 6 |  7- 9 || total
-------------------------+-------+-------+-------++-------
Melee: Short sword       |   129 |    68 |       ||   197
       Whip              |       |    92 |     6 ||    98
 Fire: Hand crossbow     |     4 |    19 |    20 ||    43
Throw: Dart              |       |       |     2 ||     2
Evoke: Wand              |       |       |     1 ||     1
  Use: Scroll            |     1 |       |       ||     1
       Potion            |       |       |     3 ||     3
 Stab: Sleeping          |     1 |     4 |       ||     5
  Eat: Chunk             |     3 |     9 |     1 ||    13
Armor: Leather armour    |    40 |    35 |       ||    75
       Ring mail         |       |     2 |     5 ||     7
Dodge: Dodged            |    90 |   120 |     7 ||   217
